Unix NetHack Version 5.0.0-0 post-release - last build May 23 2026 06:08:33 (1c0ff79ee797540d5714e4e18072db0edd9e58ae,branch:main).

Game began 2026-05-26 05:15:12, ended 2026-05-26 05:17:42.

CyberFan, neutral male human Priest

                                                                     ---
                                             ----                  ---.--
                                             |..---                |....--
                                            --....--------     ----|.....|
                                          ---........-|..      |...|.....|
                                         --...........|.-      |.........---
                                         |............|%-----  --....%.....|
                                          -......+........|.--  |.........%--
                                          --.................|  |..%---.....|
                                         --|.................| --..-| --.^.--
                                         |.|........h.G.|....---....|  |....-
                                         |.....G%...h.----.........--  --....|
                                         ---...........----.......--    |...--
                                           ---..........-----......|    --..|
          |          ------------     --------.).........|  --...0.-      ..|
          -....................................@........--   --.....      (.-
                  0   -----  -------   -------..............- --.....     ...
                                             ---.......----     ......|   ...
                                               -----.---       --....--    ---
                                                   ---           --.--
                                                                   --
CyberFan the Aspirant        St:10 Dx:11 Co:14 In:12 Wi:16 Ch:12  Neutral
Dlvl:3  $:12 HP:0(16) Pw:25(25) AC:4  Xp:2/37 T:399 

Latest messages:
 In what direction?
 As you kick the door, it crashes open!
 You miss the sewer rat.
 The sewer rat bites!
 You kill the sewer rat!
 n - a blessed scroll labeled PRATYAVAYAH.
 Suddenly, the little dog falls through a trap door.
 $ - 3 gold pieces (7 in total).
 You destroy the kobold zombie!
 o - 2 uncursed food rations.
 $ - 5 gold pieces (12 in total).
 You see here an uncursed key.
 p - an uncursed key.
 You escape a trap door.
 A trap door opens up under you!
 The grid bug bites!
 You get zapped!
 You kill the grid bug!
 You descend the stairs.
 You can't go up here.
 You can't go up here.
 You kill the gnome!
 Welcome to experience level 2.
 The dwarf throws a dagger!
 You are hit by a dagger.
 You kill the gnome!
 You see here a cursed dagger.
 The gnome lord hits!
 Pick a monster, object or location.
 Move cursor to a monster, object or location:
 @        a human or elf (human priest called CyberFan)
 Are you waiting to get hit?  Use 'm' prefix to force a no-op (to rest).
 Pick a monster, object or location.
 You can't go up here.
 The hobbit picks up 2 cursed gems.
 The gnome lord picks up a cursed dagger.
 The gnome lord wields a cursed dagger!
 The dagger welds itself to the gnome lord's hand!
 You miss the gnome.
 You kill the gnome!
 You materialize in a different location!
 The gnome lord wields an uncursed bow!
 The gnome lord shoots 2 arrows!
 The 1st arrow misses you.
 You are hit by the 2nd arrow.
 The dwarf just misses!
 The hobbit picks up 2 uncursed arrows.
 The gnome lord shoots an arrow!
 You are hit by an arrow!
 You die...

Inventory:
 Coins    ('$')
  $ - 12 gold pieces
 Weapons  (')')
  a - a blessed +1 mace (weapon in right hand)
 Armor    ('[')
  c - an uncursed +0 small shield (being worn)
  b - an uncursed +0 robe (being worn)
  i - an uncursed +0 studded leather armor (being worn)
 Comestibles  ('%')
  e - an uncursed clove of garlic
  l - 2 uncursed cram rations
  o - 2 uncursed food rations
  f - an uncursed sprig of wolfsbane
 Scrolls  ('?')
  n - a blessed scroll of enchant armor
  j - an uncursed scroll of identify
 Spellbooks  ('+')
  h - an uncursed spellbook of create monster
  g - an uncursed spellbook of light
 Potions  ('!')
  k - an uncursed potion of healing
  m - a cursed potion of object detection
  d - 4 potions of holy water
 Tools    ('(')
  p - an uncursed skeleton key

CyberFan the Priest's attributes:

Background:
 You were an Aspirant, a level 2 human Priest.
 You were neutral, on a mission for Brigit
 who was opposed by Lugh (lawful) and Manannan Mac Lir (chaotic).
 You were right-handed.
 You were in the Gnomish Mines, on level 3.
 You entered the dungeon 399 turns ago.
 It was nighttime.
 You had 37 experience points, 3 more were needed to attain level 3.

Basics:
 You had 0 out of 16 hit points.
 You had all 25 energy points (spell power).
 Your armor class was 4.
 Your wallet contained 12 zorkmids.
 Autopickup was on for '$%?!"=/*', with exceptions.

Final Characteristics:
 Your strength was 10 (limit:18/100).
 Your dexterity was 11 (limit:18).
 Your constitution was 14 (limit:18).
 Your intelligence was 12 (limit:18).
 Your wisdom was 16 (limit:18).
 Your charisma was 12 (limit:18).

Final Status:
 You weren't hungry.
 You were unencumbered.
 You were wielding a mace.
 You had basic skill with mace.

Final Attributes:
 You were fervently aligned.
 You were guarded.
 Your spell casting was enhanced by wearing a robe.
 You are dead.

Miscellaneous:
 You disabled loading and storing of bones levels.
 Total elapsed playing time was 2 minutes and 29 seconds.

Major events:
 Turn
    1: CyberFan the neutral human Priest entered the dungeon
  361: entered the Gnomish Mines
  399: killed by an arrow

Spells:
 Name                 Level Category     Fail Retention
 light                  1   clerical       0%  91%-100%
 create monster         2   clerical       0%  91%-100%

Skills:
 Fighting Skills
   bare handed combat [Unskilled]
 Weapon Skills
   club               [Unskilled]
   mace               [Basic]
   morning star       [Unskilled]
   flail              [Unskilled]
   hammer             [Unskilled]
   quarterstaff       [Unskilled]
   polearms           [Unskilled]
   spear              [Unskilled]
   trident            [Unskilled]
   lance              [Unskilled]
   bow                [Unskilled]
   sling              [Unskilled]
   crossbow           [Unskilled]
   dart               [Unskilled]
   shuriken           [Unskilled]
   boomerang          [Unskilled]
   unicorn horn       [Unskilled]
 Spellcasting Skills
   healing spells     [Unskilled]
   divination spells  [Unskilled]
   clerical spells    [Basic]

Voluntary challenges:
 Character rerolling was not enabled.
 You were an atheist.
 You were illiterate.
 You never genocided any monsters.
 You never polymorphed an object.
 You never changed form.
 You used no wishes.
Achievement:
 You entered the Gnomish Mines.

 The Dungeons of Doom: levels 1 to 2
    Level 1:
       A sink.
    Level 2:
       Stairs down to The Gnomish Mines.
 The Gnomish Mines:
    Level 3: <- You were here.
       Final resting place for
          you, killed by an arrow.


Vanquished creatures:
  3 gnomes
  a kobold
  a goblin
  2 sewer rats
  2 grid bugs
  a kobold zombie
10 creatures vanquished.

No species were genocided or became extinct.

Game over:
                       ----------
                      /          \
                     /    REST    \
                    /      IN      \
                   /     PEACE      \
                  /                  \
                  |     CyberFan     |
                  |      12 Au       |
                  |   killed by an   |
                  |      arrow       |
                  |                  |
                  |                  |
                  |       2026       |
                 *|     *  *  *      | *
        _________)/\\_//(\/(/\)/\//\/|_)_______

Goodbye CyberFan the Priest...

You died in The Gnomish Mines on dungeon level 3 with 259 points,
and 12 pieces of gold, after 399 moves.
You were level 2 with a maximum of 16 hit points when you died.

